Capitals vs Coyotes
Created - 18 décembre 2016 at 19:59
Goals
|
| Capitals |
1 |
0 |
1 |
2 |
| Coyotes |
2 |
0 |
2 |
4 |
|
Shots
|
| Capitals |
8 |
6 |
16 |
30 |
| Coyotes |
11 |
16 |
12 |
39 |
|
1st period
1. Coyotes , Marian Gaborik 9 (Tyler Ennis, Anton Stralman) at 4:12
2. Capitals , Daniel Sedin 11 (Jason Spezza, James Neal) at 13:24 (PP)
3. Coyotes , Tyler Ennis 12 (Marian Gaborik) at 13:46 (PP)
Penalties :
Denis Arkhipov (Ari) for Hooking (Minor) at 5:44, Daniel Sedin (Was) for Interference (Minor) at 8:25, Ramzi Abid (Ari) for Roughing (Minor) at 12:59, Tyler Seguin (Was) for Hooking (Minor) at 13:45
2nd period
No Goal
Penalties :
Johnny Oduya (Was) for Goalie Interference (Minor) at 9:11
3rd period
4. Coyotes , Tyler Ennis 13 (Josh Gorges, Kristopher Letang) at 1:53 (PP)
5. Capitals , Ryan Callahan 4 (Joe Thornton, Paul Martin) at 8:46
6. Coyotes , Kristopher Letang 4 (Eric Brewer) at 19:23 (Empty Net)
Penalties :
Daniel Sedin (Was) for Slashing (Minor) at 1:37, Maxim Talbot (Ari) for Hooking (Minor) at 11:54
Goalie Stats
Jaroslav Halak (Was), 35 saves from 38 shots - (0,921), L, 8-10-1, 59:42 minutes
Ryan Miller (Ari), 28 saves from 30 shots - (0,933), W, 11-6-0, 60:00 minutes
Players Stats for Capitals
Player Name G A P +/- PIM S H SB GA TA FO MP PP MP PK MP
------------------------------------------------------------------------------------
Adam Hall 0 0 0 0 0 0 0 0 0 0 0/0 3:24 0:04 0:00
Chris Kelly 0 0 0 0 0 1 1 0 0 0 3/7 16:22 0:00 1:03
Cody Franson 0 0 0 0 0 3 0 0 1 0 0/0 18:59 1:21 1:41
Daniel Sedin 1 0 1 -1 4 4 3 0 0 0 0/0 18:23 2:18 0:47
James Neal 0 1 1 0 0 1 0 1 1 0 1/1 20:07 2:27 0:00
Jason Spezza 0 1 1 -1 0 2 2 1 0 0 21/33 24:00 2:27 2:38
Jay Harrison 0 0 0 -1 0 0 0 0 0 0 0/0 4:58 0:00 0:00
Joe Thornton 0 1 1 0 0 4 1 0 1 0 11/15 20:35 1:52 2:38
Johnny Oduya 0 0 0 -1 2 0 1 2 2 0 0/0 27:39 3:02 1:22
Marek Zidlicky 0 0 0 0 0 1 0 1 0 0 0/0 12:09 0:00 0:00
Mark Giordano 0 0 0 0 0 2 1 0 0 1 0/0 13:21 0:00 1:12
Patrik Elias 0 0 0 0 0 1 1 1 0 0 0/0 17:49 1:52 0:21
Paul Martin 0 1 1 0 0 4 3 4 0 0 0/0 23:54 3:02 2:34
Ryan Callahan 1 0 1 0 0 3 1 1 1 1 0/1 15:04 0:00 0:00
Saku Koivu 0 0 0 0 0 2 0 0 0 0 1/1 3:12 0:00 0:38
Scottie Upshall 0 0 0 -1 0 0 0 0 1 0 0/0 16:56 0:17 0:00
Tyler Seguin 0 0 0 0 2 1 2 0 0 0 1/2 19:50 1:52 0:25
Zdeno Chara 0 0 0 0 0 1 2 0 1 1 0/0 18:59 1:21 1:41
Players Stats for Coyotes
Player Name G A P +/- PIM S H SB GA TA FO MP PP MP PK MP
------------------------------------------------------------------------------------
Anton Stralman 0 1 1 0 0 0 1 2 1 0 0/0 17:53 0:00 2:24
Denis Arkhipov 0 0 0 -1 2 1 3 0 0 0 0/2 9:06 0:00 0:00
Eric Brewer 0 1 1 2 0 1 1 0 0 2 0/0 22:01 2:11 1:59
Georges Laraque 0 0 0 1 0 2 0 0 0 0 0/1 14:26 0:00 1:13
Josh Gorges 0 1 1 -1 0 0 1 1 1 0 0/0 22:05 2:04 1:59
Kristopher Letang 1 1 2 2 0 2 0 2 0 0 0/0 20:54 2:04 0:00
Kyle Okposo 0 0 0 0 0 0 1 0 0 0 1/1 14:59 2:02 0:00
Marian Gaborik 1 1 2 1 0 8 0 0 0 0 2/2 18:05 2:13 0:00
Martin Samuelsson 0 0 0 1 0 3 2 0 0 0 1/4 15:43 0:00 2:30
Maxim Talbot 0 0 0 1 2 3 0 0 0 1 6/10 14:01 0:00 0:36
Mike Leclerc 0 0 0 -1 0 2 0 0 0 0 0/0 11:35 0:00 2:30
Nazem Kadri 0 0 0 1 0 3 1 0 0 0 6/21 18:22 2:13 0:15
Ramzi Abid 0 0 0 0 2 0 0 0 1 1 0/0 15:53 2:02 0:40
Ryan Whitney 0 0 0 -1 0 2 2 1 0 1 0/0 19:14 2:11 0:00
T.J. Oshie 0 0 0 -1 0 2 0 0 0 0 0/1 9:05 0:00 0:00
Tim Connolly 0 0 0 0 0 1 1 0 0 1 5/16 16:14 2:02 1:02
Toni Lydman 0 0 0 0 0 0 3 5 0 2 0/0 17:53 0:00 2:24
Tyler Ennis 2 1 3 1 0 9 0 0 0 0 1/2 18:05 2:13 0:00
3 Stars
1 - Tyler Ennis (Ari)
2 - Kristopher Letang (Ari)
3 - Marian Gaborik (Ari)
Power Play
Capitals - 1 on 3 Attempt(s) - 33,33%
Coyotes - 2 on 4 Attempt(s) - 50,00%
Penalty Kill
Capitals - 2 on 4 Attempt(s) - 50,00%
- Score 0 goal in Penalty Kill
Coyotes - 2 on 3 Attempt(s) - 66,67%
- Score 0 goal in Penalty Kill
Team Stat
Capitals - Hits : 18 - Faceoff Wins : 38 - Blocked Shots : 11 - Penalty Minutes : 8
Coyotes - Hits : 16 - Faceoff Wins : 22 - Blocked Shots : 11 - Penalty Minutes : 6
Official
Referees : LaRue Dennis and McCauley Wes
Linesman : Mark Wheler and Brad Lazarowich
Game Notes
Kristopher Letang has scored in a empty net!
Finance
Level 1 -- Attendance: 5933 (98,88%) -- Ticket Income 504 305 $
Level 2 -- Attendance: 4814 (96,28%) -- Ticket Income 231 072 $
Level 3 -- Attendance: 1994 (99,70%) -- Ticket Income 63 808 $
Level 4 -- Attendance: 3820 (95,50%) -- Ticket Income 80 220 $
Luxury Box -- Attendance: 951 (95,10%) -- Ticket Income 150 258 $
Game was played at the The Pack Center.
Total Attendance: 17512 (97,29%)
Total Ticket Income: 1 029 663 $
Other Income: 154 449 $
Total Income: 1 184 112 $
Capitals
5 vs 5 Forward
Center Left Wing Right Wing Time % Phy DF OF
1 Jason Spezza Tyler Seguin James Neal 40 1 2 2
2 Joe Thornton Daniel Sedin Ryan Callahan 30 1 2 2
3 Chris Kelly Scottie Upshall Patrik Elias 20 1 2 2
4 Joe Thornton Jason Spezza Adam Hall 10 1 2 2
5 vs 5 Defense
Defense Defense Time % Phy DF OF
1 Johnny Oduya Paul Martin 40 1 2 2
2 Cody Franson Zdeno Chara 30 1 2 2
3 Marek Zidlicky Mark Giordano 20 1 2 2
4 Jay Harrison Johnny Oduya 10 1 2 2
PowerPlay Forward
Center Left Wing Right Wing Time % Phy DF OF
1 Jason Spezza Daniel Sedin James Neal 60 1 2 2
2 Joe Thornton Patrik Elias Tyler Seguin 40 1 2 2
PowerPlay Defense
Defense Defense Time % Phy DF OF
1 Johnny Oduya Paul Martin 60 1 2 2
2 Cody Franson Zdeno Chara 40 1 2 2
Penalty Kill 4 Players Forward
Center Wing Time % Phy DF OF
1 Jason Spezza Joe Thornton 60 1 2 2
2 Daniel Sedin Chris Kelly 40 1 2 2
Penalty Kill 4 Players Defense
Defense Defense Time % Phy DF OF
1 Johnny Oduya Paul Martin 60 1 2 2
2 Cody Franson Zdeno Chara 40 1 2 2
Penalty Kill - 3 Players Forward
Forward Time % Phy DF OF
1 Jason Spezza 60 1 2 2
2 Joe Thornton 40 1 2 2
Penalty Kill - 3 Players Defense
Defense Defense Time % Phy DF OF
1 Johnny Oduya Paul Martin 60 1 2 2
2 Cody Franson Zdeno Chara 40 1 2 2
4 vs 4 Forward
Center Wing Time % Phy DF OF
1 Jason Spezza Joe Thornton 60 1 2 2
2 Daniel Sedin Chris Kelly 40 1 2 2
4 vs 4 Defense
Defense Defense Time % Phy DF OF
1 Johnny Oduya Paul Martin 60 1 2 2
2 Cody Franson Zdeno Chara 40 1 2 2
Last Minutes Offensive
Center Left Wing Right Wing Defense Defense
Jason Spezza Daniel Sedin James Neal Johnny Oduya Paul Martin
Last Minutes Defensive
Center Left Wing Right Wing Defense Defense
Jason Spezza Daniel Sedin James Neal Johnny Oduya Paul Martin
Goaltenders
Starting : Jaroslav Halak
Backup : Braden Holtby
Extra Forwards
Normal : Tyler Seguin, Scottie Upshall, Saku Koivu - PP : Tyler Seguin, Scottie Upshall - PK : Saku Koivu
Extra Defensemen
Normal : Marek Zidlicky, Mark Giordano, Jay Harrison - PP : Marek Zidlicky - PK : Mark Giordano, Jay Harrison
Penalty Shots
Jason Spezza, Joe Thornton, Daniel Sedin, Chris Kelly, James Neal
Coyotes
5 vs 5 Forward
Center Left Wing Right Wing Time % Phy DF OF
1 Nazem Kadri Tyler Ennis Marian Gaborik 32 0 2 3
2 Tim Connolly Ramzi Abid Kyle Okposo 28 0 2 3
3 Maxim Talbot Martin Samuelsson Georges Laraque 26 1 2 2
4 Denis Arkhipov Mike Leclerc T.J. Oshie 14 0 3 2
5 vs 5 Defense
Defense Defense Time % Phy DF OF
1 Kristopher Letang Eric Brewer 36 1 3 1
2 Ryan Whitney Josh Gorges 34 1 3 1
3 Anton Stralman Toni Lydman 30 1 4 0
4 Kristopher Letang Eric Brewer 0 1 3 1
PowerPlay Forward
Center Left Wing Right Wing Time % Phy DF OF
1 Nazem Kadri Tyler Ennis Marian Gaborik 50 1 0 4
2 Tim Connolly Ramzi Abid Kyle Okposo 50 1 0 4
PowerPlay Defense
Defense Defense Time % Phy DF OF
1 Kristopher Letang Josh Gorges 55 1 1 3
2 Ryan Whitney Eric Brewer 45 1 1 3
Penalty Kill 4 Players Forward
Center Wing Time % Phy DF OF
1 Martin Samuelsson Mike Leclerc 60 0 4 1
2 Maxim Talbot Georges Laraque 40 1 3 1
Penalty Kill 4 Players Defense
Defense Defense Time % Phy DF OF
1 Toni Lydman Anton Stralman 60 1 4 0
2 Eric Brewer Josh Gorges 40 1 4 0
Penalty Kill - 3 Players Forward
Forward Time % Phy DF OF
1 Mike Leclerc 60 1 4 0
2 Martin Samuelsson 40 0 5 0
Penalty Kill - 3 Players Defense
Defense Defense Time % Phy DF OF
1 Toni Lydman Anton Stralman 60 0 5 0
2 Josh Gorges Eric Brewer 40 0 5 0
4 vs 4 Forward
Center Wing Time % Phy DF OF
1 Tim Connolly Tyler Ennis 60 0 2 3
2 Nazem Kadri Marian Gaborik 40 0 2 3
4 vs 4 Defense
Defense Defense Time % Phy DF OF
1 Kristopher Letang Anton Stralman 60 1 3 1
2 Ryan Whitney Josh Gorges 40 1 3 1
Last Minutes Offensive
Center Left Wing Right Wing Defense Defense
Nazem Kadri Tyler Ennis Marian Gaborik Kristopher Letang Ryan Whitney
Last Minutes Defensive
Center Left Wing Right Wing Defense Defense
Maxim Talbot Martin Samuelsson Georges Laraque Eric Brewer Toni Lydman
Goaltenders
Starting : Ryan Miller
Backup : Mathieu Garon
Extra Forwards
Normal : T.J. Oshie, Georges Laraque, Maxim Talbot - PP : T.J. Oshie, Georges Laraque - PK : Tim Connolly
Extra Defensemen
Normal : Anton Stralman, Toni Lydman, Kristopher Letang - PP : Anton Stralman - PK : Kristopher Letang, Ryan Whitney
Penalty Shots
Tyler Ennis, Marian Gaborik, Tim Connolly, Ryan Whitney, Maxim Talbot
% Time on Ice - Capitals
Lines # - Real PCT - Wanted PCT - Time Play
Normal Forward
1 - 34% - 40% - 17:16
2 - 33% - 30% - 16:39
3 - 28% - 20% - 14:30
4 - 5% - 10% - 2:29
Normal Defense
1 - 36% - 40% - 18:18
2 - 31% - 30% - 15:57
3 - 24% - 20% - 12:09
4 - 9% - 10% - 4:30
PP Forward
1 - 57% - 60% - 2:31
2 - 43% - 40% - 1:52
PP Defense
1 - 69% - 60% - 3:02
2 - 31% - 40% - 1:21
PK Forward
1 - 75% - 60% - 3:12
2 - 25% - 40% - 1:03
PK Defense
1 - 60% - 60% - 2:34
2 - 40% - 40% - 1:41
PK3 Forward
1 - 0% - 60%
2 - 0% - 40%
PK3 Defense
1 - 0% - 60%
2 - 0% - 40%
44 Forward
1 - 0% - 60%
2 - 0% - 40%
44 Defense
1 - 0% - 60%
2 - 0% - 40%
Last Minute Offensive - 0:28
Last Minute Defensive - 0:00
Total
Forward - 60:00
Defense - 60:00
|
% Time on Ice - Coyotes
Lines # - Real PCT - Wanted PCT - Time Play
Normal Forward
1 - 32% - 32% - 16:07
2 - 25% - 28% - 12:57
3 - 25% - 26% - 12:42
4 - 18% - 14% - 9:05
Normal Defense
1 - 37% - 36% - 18:53
2 - 34% - 34% - 17:03
3 - 29% - 30% - 14:55
4 - 0% - 0% - 0:00
PP Forward
1 - 52% - 50% - 2:13
2 - 48% - 50% - 2:02
PP Defense
1 - 49% - 55% - 2:04
2 - 51% - 45% - 2:11
PK Forward
1 - 72% - 60% - 3:10
2 - 28% - 40% - 1:13
PK Defense
1 - 55% - 60% - 2:24
2 - 45% - 40% - 1:59
PK3 Forward
1 - 0% - 60%
2 - 0% - 40%
PK3 Defense
1 - 0% - 60%
2 - 0% - 40%
44 Forward
1 - 0% - 60%
2 - 0% - 40%
44 Defense
1 - 0% - 60%
2 - 0% - 40%
Last Minute Offensive - 0:00
Last Minute Defensive - 0:31
Total
Forward - 60:00
Defense - 60:00
|
Play by Play
1st period
0:01 of 1st period - Jason Spezza wins face-off versus Nazem Kadri in neutral zone.
0:06 of 1st period - Slapshot by James Neal.
0:06 of 1st period - Shot Misses the Net.
1:02 of 1st period - Zdeno Chara is hit by Martin Samuelsson and loses puck.
1:17 of 1st period - Slapshot by Denis Arkhipov.
1:17 of 1st period - Stopped by Jaroslav Halak with a rebound.
1:27 of 1st period - Snap shot by Jason Spezza.
1:27 of 1st period - Stopped by Ryan Miller without a rebound.
1:28 of 1st period - Joe Thornton wins face-off versus Nazem Kadri in Coyotes zone.
1:39 of 1st period - Slapshot by Tyler Ennis.
1:39 of 1st period - Shot Blocked by Marek Zidlicky.
1:41 of 1st period - Slapshot by Toni Lydman.
1:41 of 1st period - Shot Misses the Net.
1:43 of 1st period - Slapshot by Toni Lydman.
1:43 of 1st period - Shot Misses the Net.
1:45 of 1st period - Snap shot by Tyler Ennis.
1:45 of 1st period - Shot Misses the Net.
2:14 of 1st period - Mark Giordano is hit by Denis Arkhipov and loses puck.
3:20 of 1st period - Snap shot by Patrik Elias.
3:20 of 1st period - Shot Misses the Net.
3:22 of 1st period - Slapshot by Mark Giordano.
3:22 of 1st period - Deflect By Josh Gorges.
3:22 of 1st period - Stopped by Ryan Miller with a rebound.
3:36 of 1st period - Backhand shot by Chris Kelly.
3:36 of 1st period - Stopped by Ryan Miller with a rebound.
3:38 of 1st period - Slapshot by Mark Giordano.
3:38 of 1st period - Deflect By Chris Kelly.
3:38 of 1st period - Shot Misses the Net.
3:38 of 1st period - Puck is out of play.
3:39 of 1st period - Jason Spezza wins face-off versus Tim Connolly in Coyotes zone.
4:05 of 1st period - Johnny Oduya is hit by Toni Lydman and loses puck.
4:12 of 1st period - Snap shot by Marian Gaborik.
4:12 of 1st period - Goal by Marian Gaborik - Capitals : 0 - Coyotes : 1.
4:13 of 1st period - Jason Spezza wins face-off versus Maxim Talbot in neutral zone.
4:15 of 1st period - Off-side.
4:16 of 1st period - Jason Spezza wins face-off versus Maxim Talbot in neutral zone.
4:27 of 1st period - Snap shot by Jason Spezza.
4:27 of 1st period - Shot Misses the Net.
4:29 of 1st period - Wrist shot by Jason Spezza.
4:29 of 1st period - Shot Misses the Net.
4:31 of 1st period - Snap shot by James Neal.
4:31 of 1st period - Shot Blocked by Anton Stralman.
4:51 of 1st period - Wrist shot by Marian Gaborik.
4:51 of 1st period - Shot Misses the Net.
5:09 of 1st period - Snap shot by Tim Connolly.
5:09 of 1st period - Stopped by Jaroslav Halak with a rebound.
5:44 of 1st period - Minor Penalty to Denis Arkhipov for Hooking.
5:45 of 1st period - Jason Spezza wins face-off versus Martin Samuelsson in Coyotes zone.
6:54 of 1st period - Mike Leclerc is hit by Zdeno Chara and loses puck.
7:44 of 1st period - Penalty to Denis Arkhipov is over, Denis Arkhipov is back on ice.
8:25 of 1st period - Minor Penalty to Daniel Sedin for Interference.
8:26 of 1st period - Nazem Kadri wins face-off versus Jason Spezza in Capitals zone.
8:34 of 1st period - Snap shot by Marian Gaborik.
8:34 of 1st period - Stopped by Jaroslav Halak without a rebound.
8:35 of 1st period - Jason Spezza wins face-off versus Nazem Kadri in Capitals zone.
8:45 of 1st period - Off-side.
8:46 of 1st period - Jason Spezza wins face-off versus Tim Connolly in neutral zone.
10:25 of 1st period - Penalty to Daniel Sedin is over, Daniel Sedin is back on ice.
11:06 of 1st period - Snap shot by Marian Gaborik.
11:06 of 1st period - Stopped by Jaroslav Halak without a rebound.
11:07 of 1st period - Jason Spezza wins face-off versus Nazem Kadri in Capitals zone.
12:39 of 1st period - Icing by Cody Franson.
12:40 of 1st period - Maxim Talbot wins face-off versus Jason Spezza in Capitals zone.
12:50 of 1st period - Off-side.
12:51 of 1st period - Joe Thornton wins face-off versus Tim Connolly in neutral zone.
12:59 of 1st period - Minor Penalty to Ramzi Abid for Roughing.
13:00 of 1st period - Jason Spezza wins face-off versus Martin Samuelsson in Coyotes zone.
13:08 of 1st period - Snap shot by James Neal.
13:08 of 1st period - Stopped by Ryan Miller with a rebound.
13:10 of 1st period - Slapshot by Daniel Sedin.
13:10 of 1st period - Stopped by Ryan Miller without a rebound.
13:11 of 1st period - Martin Samuelsson wins face-off versus Jason Spezza in Coyotes zone.
13:24 of 1st period - Snap shot by Daniel Sedin.
13:24 of 1st period - Goal by Daniel Sedin - Capitals : 1 - Coyotes : 1.
13:25 of 1st period - Nazem Kadri wins face-off versus Jason Spezza in neutral zone.
13:28 of 1st period - Slapshot by Josh Gorges.
13:28 of 1st period - Shot Misses the Net.
13:45 of 1st period - Minor Penalty to Tyler Seguin for Hooking.
13:46 of 1st period - Marian Gaborik wins face-off versus Jason Spezza in Capitals zone.
13:46 of 1st period - Wrist shot by Tyler Ennis.
13:46 of 1st period - Goal by Tyler Ennis - Capitals : 1 - Coyotes : 2.
13:47 of 1st period - Jason Spezza wins face-off versus Tim Connolly in neutral zone.
14:43 of 1st period - Snap shot by Patrik Elias.
14:43 of 1st period - Stopped by Ryan Miller without a rebound.
14:44 of 1st period - Chris Kelly wins face-off versus Maxim Talbot in Coyotes zone.
15:15 of 1st period - Snap shot by Maxim Talbot.
15:15 of 1st period - Shot Misses the Net.
15:17 of 1st period - Wrist shot by Georges Laraque.
15:17 of 1st period - Shot Misses the Net.
15:19 of 1st period - Slapshot by Toni Lydman.
15:19 of 1st period - Shot Blocked by Paul Martin.
15:21 of 1st period - Slapshot by Anton Stralman.
15:21 of 1st period - Deflect By Georges Laraque.
15:21 of 1st period - Stopped by Jaroslav Halak without a rebound.
15:22 of 1st period - Jason Spezza wins face-off versus Tim Connolly in Capitals zone.
15:49 of 1st period - Marian Gaborik is hit by Ryan Callahan and loses puck.
15:54 of 1st period - Wrist shot by Joe Thornton.
15:54 of 1st period - Shot Blocked by Kristopher Letang.
15:56 of 1st period - Backhand shot by Joe Thornton.
15:56 of 1st period - Stopped by Ryan Miller without a rebound.
15:57 of 1st period - Nazem Kadri wins face-off versus Joe Thornton in Coyotes zone.
16:02 of 1st period - Daniel Sedin is hit by Ryan Whitney and loses puck.
16:09 of 1st period - Snap shot by Tyler Ennis.
16:09 of 1st period - Shot Misses the Net.
16:11 of 1st period - Slapshot by Josh Gorges.
16:11 of 1st period - Deflect By Marian Gaborik.
16:11 of 1st period - Stopped by Jaroslav Halak with a rebound.
16:13 of 1st period - Slapshot by Josh Gorges.
16:13 of 1st period - Shot Blocked by Johnny Oduya.
16:35 of 1st period - Slapshot by Maxim Talbot.
16:35 of 1st period - Shot Blocked by Johnny Oduya.
17:05 of 1st period - Snap shot by Mike Leclerc.
17:05 of 1st period - Shot Misses the Net.
17:07 of 1st period - Slapshot by Mike Leclerc.
17:07 of 1st period - Stopped by Jaroslav Halak with a rebound.
17:09 of 1st period - Slapshot by Kristopher Letang.
17:09 of 1st period - Deflect By Johnny Oduya.
17:09 of 1st period - Stopped by Jaroslav Halak without a rebound.
17:10 of 1st period - Nazem Kadri wins face-off versus Chris Kelly in Capitals zone.
18:22 of 1st period - Off-side.
18:23 of 1st period - Chris Kelly wins face-off versus Denis Arkhipov in neutral zone.
18:50 of 1st period - Wrist shot by Marian Gaborik.
18:50 of 1st period - Deflect By Tyler Ennis.
18:50 of 1st period - Stopped by Jaroslav Halak without a rebound.
18:51 of 1st period - Nazem Kadri wins face-off versus Jason Spezza in Capitals zone.
19:02 of 1st period - Slapshot by Tyler Seguin.
19:02 of 1st period - Shot Blocked by Toni Lydman.
19:19 of 1st period - Off-side.
19:20 of 1st period - Joe Thornton wins face-off versus Tim Connolly in neutral zone.
19:26 of 1st period - Daniel Sedin is hit by Kyle Okposo and loses puck.
Goals for this period are 1 for Capitals vs 2 for Coyotes.
Shots for this period are 8 for Capitals vs 11 for Coyotes.
2nd period
0:01 of 2nd period - Jason Spezza wins face-off versus Nazem Kadri in neutral zone.
0:09 of 2nd period - Anton Stralman is hit by Tyler Seguin and loses puck.
0:26 of 2nd period - Joe Thornton is hit by Toni Lydman and loses puck.
0:33 of 2nd period - Wrist shot by Daniel Sedin.
0:33 of 2nd period - Shot Blocked by Toni Lydman.
0:35 of 2nd period - Wrist shot by Joe Thornton.
0:35 of 2nd period - Stopped by Ryan Miller with a rebound.
1:21 of 2nd period - Snap shot by Joe Thornton.
1:21 of 2nd period - Shot Hit the Post.
1:33 of 2nd period - Daniel Sedin is hit by Nazem Kadri and loses puck.
2:02 of 2nd period - Wrist shot by Marian Gaborik.
2:02 of 2nd period - Deflect By Tyler Ennis.
2:02 of 2nd period - Stopped by Jaroslav Halak with a rebound.
2:04 of 2nd period - Snap shot by Nazem Kadri.
2:04 of 2nd period - Stopped by Jaroslav Halak with a rebound.
2:06 of 2nd period - Slapshot by Ryan Whitney.
2:06 of 2nd period - Stopped by Jaroslav Halak with a rebound.
2:20 of 2nd period - Wrist shot by Marian Gaborik.
2:20 of 2nd period - Stopped by Jaroslav Halak with a rebound.
2:22 of 2nd period - Backhand shot by Tyler Ennis.
2:22 of 2nd period - Stopped by Jaroslav Halak with a rebound.
2:24 of 2nd period - Wrist shot by Tyler Ennis.
2:24 of 2nd period - Stopped by Jaroslav Halak with a rebound.
2:26 of 2nd period - Slapshot by Ryan Whitney.
2:26 of 2nd period - Stopped by Jaroslav Halak with a rebound.
2:28 of 2nd period - Snap shot by Tyler Ennis.
2:28 of 2nd period - Shot Hit the Post.
2:30 of 2nd period - Snap shot by Marian Gaborik.
2:30 of 2nd period - Stopped by Jaroslav Halak with a rebound.
2:32 of 2nd period - Wrist shot by Nazem Kadri.
2:32 of 2nd period - Shot Blocked by Paul Martin.
2:34 of 2nd period - Snap shot by Tyler Ennis.
2:34 of 2nd period - Stopped by Jaroslav Halak with a rebound.
2:56 of 2nd period - Ryan Whitney is hit by Chris Kelly and loses puck.
3:21 of 2nd period - Snap shot by Marian Gaborik.
3:21 of 2nd period - Shot Misses the Net.
3:23 of 2nd period - Wrist shot by Ryan Whitney.
3:23 of 2nd period - Shot Misses the Net.
3:25 of 2nd period - Wrist shot by Nazem Kadri.
3:25 of 2nd period - Stopped by Jaroslav Halak without a rebound.
3:26 of 2nd period - Tim Connolly wins face-off versus Jason Spezza in Capitals zone.
4:49 of 2nd period - Snap shot by Daniel Sedin.
4:49 of 2nd period - Stopped by Ryan Miller with a rebound.
5:33 of 2nd period - Ryan Callahan is hit by Eric Brewer and loses puck.
5:56 of 2nd period - James Neal is hit by Toni Lydman and loses puck.
6:24 of 2nd period - Icing by Eric Brewer.
6:25 of 2nd period - Tim Connolly wins face-off versus Tyler Seguin in Coyotes zone.
6:30 of 2nd period - Daniel Sedin is hit by Denis Arkhipov and loses puck.
6:54 of 2nd period - Denis Arkhipov is hit by Mark Giordano and loses puck.
7:08 of 2nd period - Icing by Georges Laraque.
7:09 of 2nd period - Maxim Talbot wins face-off versus Chris Kelly in Coyotes zone.
7:18 of 2nd period - Kristopher Letang is hit by Patrik Elias and loses puck.
7:50 of 2nd period - Icing by Zdeno Chara.
7:51 of 2nd period - Tyler Ennis wins face-off versus Chris Kelly in Capitals zone.
8:02 of 2nd period - Wrist shot by Patrik Elias.
8:02 of 2nd period - Shot Blocked by Josh Gorges.
8:04 of 2nd period - Wrist shot by Zdeno Chara.
8:04 of 2nd period - Stopped by Ryan Miller with a rebound.
8:06 of 2nd period - Snap shot by Zdeno Chara.
8:06 of 2nd period - Shot Misses the Net.
8:08 of 2nd period - Slapshot by Cody Franson.
8:08 of 2nd period - Stopped by Ryan Miller without a rebound.
8:09 of 2nd period - Tim Connolly wins face-off versus Jason Spezza in Coyotes zone.
8:24 of 2nd period - Wrist shot by Paul Martin.
8:24 of 2nd period - Deflect By James Neal.
8:24 of 2nd period - Shot Misses the Net.
8:24 of 2nd period - Puck is out of play.
8:25 of 2nd period - Joe Thornton wins face-off versus Maxim Talbot in Coyotes zone.
8:26 of 2nd period - Snap shot by Daniel Sedin.
8:26 of 2nd period - Stopped by Ryan Miller with a rebound.
8:29 of 2nd period - Icing by Ryan Whitney.
8:30 of 2nd period - Maxim Talbot wins face-off versus Joe Thornton in Coyotes zone.
9:11 of 2nd period - Minor Penalty to Johnny Oduya for Goalie Interference.
9:12 of 2nd period - Jason Spezza wins face-off versus Nazem Kadri in Capitals zone.
9:21 of 2nd period - Snap shot by Marian Gaborik.
9:21 of 2nd period - Shot Blocked by Paul Martin.
10:20 of 2nd period - Icing by Nazem Kadri.
10:21 of 2nd period - Jason Spezza wins face-off versus Nazem Kadri in Coyotes zone.
11:11 of 2nd period - Penalty to Johnny Oduya is over, Johnny Oduya is back on ice.
11:18 of 2nd period - Wrist shot by Cody Franson.
11:18 of 2nd period - Deflect By Martin Samuelsson.
11:18 of 2nd period - Stopped by Ryan Miller with a rebound.
11:38 of 2nd period - Icing by Patrik Elias.
11:39 of 2nd period - Chris Kelly wins face-off versus T.J. Oshie in Capitals zone.
11:39 of 2nd period - Chris Kelly is hit by Denis Arkhipov.
12:05 of 2nd period - Nazem Kadri is hit by Johnny Oduya.
13:06 of 2nd period - Slapshot by Marian Gaborik.
13:06 of 2nd period - Stopped by Jaroslav Halak with a rebound.
13:08 of 2nd period - Wrist shot by Nazem Kadri.
13:08 of 2nd period - Stopped by Jaroslav Halak with a rebound.
13:10 of 2nd period - Wrist shot by Marian Gaborik.
13:10 of 2nd period - Stopped by Jaroslav Halak with a rebound.
13:12 of 2nd period - Snap shot by Nazem Kadri.
13:12 of 2nd period - Shot Misses the Net.
13:14 of 2nd period - Snap shot by Tyler Ennis.
13:14 of 2nd period - Stopped by Jaroslav Halak without a rebound.
13:15 of 2nd period - Tim Connolly wins face-off versus Joe Thornton in Capitals zone.
14:07 of 2nd period - Georges Laraque is hit by Daniel Sedin and loses puck.
14:26 of 2nd period - Snap shot by T.J. Oshie.
14:26 of 2nd period - Shot Blocked by Patrik Elias.
14:28 of 2nd period - Slapshot by Eric Brewer.
14:28 of 2nd period - Stopped by Jaroslav Halak with a rebound.
14:30 of 2nd period - Wrist shot by Mike Leclerc.
14:30 of 2nd period - Shot Misses the Net.
15:36 of 2nd period - Snap shot by T.J. Oshie.
15:36 of 2nd period - Stopped by Jaroslav Halak without a rebound.
15:37 of 2nd period - James Neal wins face-off versus Nazem Kadri in Capitals zone.
16:21 of 2nd period - Maxim Talbot is hit by Joe Thornton and loses puck.
16:32 of 2nd period - Martin Samuelsson is hit by Paul Martin and loses puck.
19:14 of 2nd period - Kristopher Letang is hit by Jason Spezza and loses puck.
19:19 of 2nd period - Wrist shot by James Neal.
19:19 of 2nd period - Shot Misses the Net.
19:43 of 2nd period - Johnny Oduya is hit by Martin Samuelsson and loses puck.
Goals for this period are 0 for Capitals vs 0 for Coyotes.
Shots for this period are 6 for Capitals vs 16 for Coyotes.
3rd period
0:01 of 3rd period - Nazem Kadri wins face-off versus Jason Spezza in neutral zone.
0:01 of 3rd period - Nazem Kadri is hit by Paul Martin.
0:09 of 3rd period - Wrist shot by Tyler Ennis.
0:09 of 3rd period - Shot Blocked by Jason Spezza.
0:15 of 3rd period - Slapshot by Paul Martin.
0:15 of 3rd period - Stopped by Ryan Miller without a rebound.
0:16 of 3rd period - Kyle Okposo wins face-off versus Ryan Callahan in Coyotes zone.
0:31 of 3rd period - Wrist shot by Tim Connolly.
0:31 of 3rd period - Shot Blocked by Ryan Callahan.
1:02 of 3rd period - Icing by Nazem Kadri.
1:03 of 3rd period - Maxim Talbot wins face-off versus Chris Kelly in Coyotes zone.
1:10 of 3rd period - Wrist shot by Maxim Talbot.
1:10 of 3rd period - Stopped by Jaroslav Halak without a rebound.
1:11 of 3rd period - Jason Spezza wins face-off versus Tyler Ennis in Capitals zone.
1:24 of 3rd period - Slapshot by Paul Martin.
1:24 of 3rd period - Shot Blocked by Toni Lydman.
1:26 of 3rd period - Slapshot by Paul Martin.
1:26 of 3rd period - Deflect By Tyler Seguin.
1:26 of 3rd period - Stopped by Ryan Miller without a rebound.
1:27 of 3rd period - Joe Thornton wins face-off versus Tim Connolly in Coyotes zone.
1:32 of 3rd period - Slapshot by Joe Thornton.
1:32 of 3rd period - Deflect By Ryan Callahan.
1:32 of 3rd period - Shot Misses the Net.
1:32 of 3rd period - Puck is out of play.
1:33 of 3rd period - Joe Thornton wins face-off versus Tim Connolly in Coyotes zone.
1:36 of 3rd period - Wrist shot by Joe Thornton.
1:36 of 3rd period - Shot Blocked by Kristopher Letang.
1:37 of 3rd period - Minor Penalty to Daniel Sedin for Slashing.
1:38 of 3rd period - Jason Spezza wins face-off versus Nazem Kadri in Capitals zone.
1:53 of 3rd period - Wrist shot by Tyler Ennis.
1:53 of 3rd period - Goal by Tyler Ennis - Capitals : 1 - Coyotes : 3.
1:54 of 3rd period - Tyler Seguin wins face-off versus Nazem Kadri in neutral zone.
2:25 of 3rd period - Off-side.
2:26 of 3rd period - Jason Spezza wins face-off versus Tim Connolly in neutral zone.
2:40 of 3rd period - Snap shot by James Neal.
2:40 of 3rd period - Shot Blocked by Toni Lydman.
2:59 of 3rd period - Slapshot by Paul Martin.
2:59 of 3rd period - Shot Misses the Net.
3:01 of 3rd period - Snap shot by Paul Martin.
3:01 of 3rd period - Stopped by Ryan Miller without a rebound.
3:02 of 3rd period - Maxim Talbot wins face-off versus Jason Spezza in Coyotes zone.
3:02 of 3rd period - Maxim Talbot is hit by Jason Spezza.
3:35 of 3rd period - Slapshot by Martin Samuelsson.
3:35 of 3rd period - Shot Misses the Net.
3:37 of 3rd period - Wrist shot by Georges Laraque.
3:37 of 3rd period - Shot Misses the Net.
4:19 of 3rd period - Backhand shot by Martin Samuelsson.
4:19 of 3rd period - Stopped by Jaroslav Halak with a rebound.
4:21 of 3rd period - Slapshot by Georges Laraque.
4:21 of 3rd period - Shot Misses the Net.
4:35 of 3rd period - Snap shot by Maxim Talbot.
4:35 of 3rd period - Shot Misses the Net.
4:43 of 3rd period - Snap shot by Martin Samuelsson.
4:43 of 3rd period - Deflect By Maxim Talbot.
4:43 of 3rd period - Stopped by Jaroslav Halak with a rebound.
4:49 of 3rd period - Wrist shot by Georges Laraque.
4:49 of 3rd period - Stopped by Jaroslav Halak with a rebound.
4:51 of 3rd period - Slapshot by Eric Brewer.
4:51 of 3rd period - Deflect By Martin Samuelsson.
4:51 of 3rd period - Deflect By Patrik Elias.
4:51 of 3rd period - Stopped by Jaroslav Halak with a rebound.
4:53 of 3rd period - Snap shot by Martin Samuelsson.
4:53 of 3rd period - Shot Misses the Net.
4:55 of 3rd period - Wrist shot by Georges Laraque.
4:55 of 3rd period - Shot Misses the Net.
4:57 of 3rd period - Snap shot by Martin Samuelsson.
4:57 of 3rd period - Stopped by Jaroslav Halak with a rebound.
5:26 of 3rd period - Wrist shot by Maxim Talbot.
5:26 of 3rd period - Stopped by Jaroslav Halak with a rebound.
5:28 of 3rd period - Slapshot by Eric Brewer.
5:28 of 3rd period - Deflect By Maxim Talbot.
5:28 of 3rd period - Shot Blocked by Paul Martin.
5:28 of 3rd period - Puck is out of play.
5:29 of 3rd period - Jason Spezza wins face-off versus Nazem Kadri in Capitals zone.
5:29 of 3rd period - Jason Spezza is hit by Josh Gorges.
5:45 of 3rd period - Nazem Kadri is hit by Tyler Seguin and loses puck.
5:56 of 3rd period - Joe Thornton is hit by Tim Connolly and loses puck.
6:05 of 3rd period - Slapshot by Joe Thornton.
6:05 of 3rd period - Shot Blocked by Ryan Whitney.
6:19 of 3rd period - Wrist shot by Mike Leclerc.
6:19 of 3rd period - Shot Misses the Net.
6:35 of 3rd period - Snap shot by Tyler Seguin.
6:35 of 3rd period - Deflect By Saku Koivu.
6:35 of 3rd period - Stopped by Ryan Miller without a rebound.
6:36 of 3rd period - Saku Koivu wins face-off versus Nazem Kadri in Coyotes zone.
6:39 of 3rd period - Snap shot by Saku Koivu.
6:39 of 3rd period - Stopped by Ryan Miller with a rebound.
6:47 of 3rd period - Snap shot by Tyler Ennis.
6:47 of 3rd period - Shot Misses the Net.
6:49 of 3rd period - Wrist shot by Tyler Ennis.
6:49 of 3rd period - Stopped by Jaroslav Halak without a rebound.
6:50 of 3rd period - Joe Thornton wins face-off versus Tim Connolly in Capitals zone.
7:03 of 3rd period - Slapshot by Ryan Callahan.
7:03 of 3rd period - Stopped by Ryan Miller without a rebound.
7:04 of 3rd period - Jason Spezza wins face-off versus Nazem Kadri in Coyotes zone.
7:41 of 3rd period - Marian Gaborik is hit by Daniel Sedin and loses puck.
8:26 of 3rd period - Snap shot by James Neal.
8:26 of 3rd period - Shot Blocked by Toni Lydman.
8:28 of 3rd period - Snap shot by James Neal.
8:28 of 3rd period - Shot Misses the Net.
8:30 of 3rd period - Slapshot by Marek Zidlicky.
8:30 of 3rd period - Deflect By Ramzi Abid.
8:30 of 3rd period - Stopped by Ryan Miller with a rebound.
8:32 of 3rd period - Snap shot by Mark Giordano.
8:32 of 3rd period - Stopped by Ryan Miller without a rebound.
8:33 of 3rd period - Joe Thornton wins face-off versus Denis Arkhipov in Coyotes zone.
8:44 of 3rd period - Snap shot by Joe Thornton.
8:44 of 3rd period - Stopped by Ryan Miller with a rebound.
8:46 of 3rd period - Wrist shot by Ryan Callahan.
8:46 of 3rd period - Goal by Ryan Callahan - Capitals : 2 - Coyotes : 3.
8:47 of 3rd period - Joe Thornton wins face-off versus Nazem Kadri in neutral zone.
8:50 of 3rd period - Slapshot by Joe Thornton.
8:50 of 3rd period - Stopped by Ryan Miller without a rebound.
8:51 of 3rd period - Joe Thornton wins face-off versus Nazem Kadri in Coyotes zone.
8:52 of 3rd period - Slapshot by Paul Martin.
8:52 of 3rd period - Stopped by Ryan Miller with a rebound.
8:54 of 3rd period - Wrist shot by Joe Thornton.
8:54 of 3rd period - Shot Misses the Net.
9:17 of 3rd period - Off-side.
9:18 of 3rd period - Jason Spezza wins face-off versus Tim Connolly in neutral zone.
9:33 of 3rd period - Snap shot by Ramzi Abid.
9:33 of 3rd period - Shot Misses the Net.
9:35 of 3rd period - Slapshot by Eric Brewer.
9:35 of 3rd period - Shot Blocked by James Neal.
9:57 of 3rd period - Eric Brewer is hit by Daniel Sedin and loses puck.
10:50 of 3rd period - Slapshot by Ryan Callahan.
10:50 of 3rd period - Deflect By Ramzi Abid.
10:50 of 3rd period - Stopped by Ryan Miller without a rebound.
10:51 of 3rd period - Tim Connolly wins face-off versus Joe Thornton in Coyotes zone.
11:18 of 3rd period - Snap shot by Scottie Upshall.
11:18 of 3rd period - Shot Misses the Net.
11:20 of 3rd period - Slapshot by Marek Zidlicky.
11:20 of 3rd period - Shot Blocked by Anton Stralman.
11:48 of 3rd period - Slapshot by Jason Spezza.
11:48 of 3rd period - Stopped by Ryan Miller with a rebound.
11:54 of 3rd period - Minor Penalty to Maxim Talbot for Hooking.
11:55 of 3rd period - Jason Spezza wins face-off versus Martin Samuelsson in Coyotes zone.
12:14 of 3rd period - Eric Brewer is hit by Paul Martin and loses puck.
12:33 of 3rd period - Slapshot by Paul Martin.
12:33 of 3rd period - Stopped by Ryan Miller without a rebound.
12:34 of 3rd period - Joe Thornton wins face-off versus Georges Laraque in Coyotes zone.
13:54 of 3rd period - Penalty to Maxim Talbot is over, Maxim Talbot is back on ice.
13:58 of 3rd period - Wrist shot by Cody Franson.
13:58 of 3rd period - Stopped by Ryan Miller with a rebound.
14:00 of 3rd period - Wrist shot by Scottie Upshall.
14:00 of 3rd period - Shot Misses the Net.
14:44 of 3rd period - Icing by Mark Giordano.
14:45 of 3rd period - Maxim Talbot wins face-off versus Jason Spezza in Capitals zone.
15:53 of 3rd period - Cody Franson is hit by Ryan Whitney and loses puck.
16:02 of 3rd period - Snap shot by T.J. Oshie.
16:02 of 3rd period - Stopped by Jaroslav Halak with a rebound.
16:04 of 3rd period - Wrist shot by Mike Leclerc.
16:04 of 3rd period - Shot Misses the Net.
16:06 of 3rd period - Wrist shot by Mike Leclerc.
16:06 of 3rd period - Stopped by Jaroslav Halak with a rebound.
16:22 of 3rd period - Toni Lydman is hit by Zdeno Chara and loses puck.
17:29 of 3rd period - Slapshot by Mike Leclerc.
17:29 of 3rd period - Shot Misses the Net.
18:09 of 3rd period - Mark Giordano is hit by Anton Stralman and loses puck.
19:05 of 3rd period - Capitals, Jaroslav Halak is pulled from the net.
19:23 of 3rd period - Backhand shot by Kristopher Letang.
19:23 of 3rd period - Goal by Kristopher Letang - Capitals : 2 - Coyotes : 4.
19:23 of 3rd period - Jaroslav Halak from Capitals was sent back in the game.
19:24 of 3rd period - Marian Gaborik wins face-off versus Jason Spezza in neutral zone.
Goals for this period are 1 for Capitals vs 2 for Coyotes.
Shots for this period are 16 for Capitals vs 12 for Coyotes.
Back to the Top